TOP OF THE 1ST |
Burlington Bees batting - Pitching for Wisconsin Rapids Timber Rattlers : LHP Michael Maack
|
Pitching: LHP Michael Maack
|
|
Batting: RHB Mike Quade
|
0-0: Ground out 5-3 (Groundball, 56, EV 105.0 MPH)
|
Batting: LHB Brian Devalk
|
0-0: Ball 1-0: Foul Ball, location: 2F 1-1: Ball 2-1: Ball 3-1: SINGLE (Line Drive, 4MD, EV 98.1 MPH)
|
Batting: LHB Herm Winningham
|
0-0: Called Strike 0-1: Ground out 5-3 (Groundball, 56, EV 86.9 MPH) Brian Devalk to second
|
Batting: RHB Bob Gergen
|
0-0: Foul Ball, location: 2F 0-1: Swinging Strike 0-2: Ground out U3 (Groundball, 34D, EV 91.9 MPH)
|
Top of the 1st over - 0 runs, 1 hit, 0 errors, 1 left on base; Burlington 0 - Wisconsin Rapids 0 |
BOTTOM OF THE 1ST |
Wisconsin Rapids Timber Rattlers batting - Pitching for Burlington Bees : RHP Ricky Avelar
|
Pitching: RHP Ricky Avelar
|
|
Batting: RHB Tim Pyznarski
|
0-0: Ball 1-0: Swinging Strike 1-1: Ball 2-1: Called Strike 2-2: Foul Ball, location: 2F 2-2: Ball 3-2: Foul Ball, location: 2F 3-2: Base on Balls
|
Batting: RHB Jim Presley
|
0-0: Grounds into double play, 6-4-3 (Groundball, 6M, EV 82.5 MPH)
|
Batting: LHB Dion James
|
0-0: SINGLE (Groundball, 4D, EV 101.3 MPH)
|
Batting: LHB Greg Smith
|
0-0: Called Strike Dion James steals 2nd base (no throw) 0-1: Ball 1-1: Ball 2-1: Swinging Strike 2-2: Ball 3-2: Fly out, F7 (Flyball, 78D, EV 83.1 MPH)
|
Bottom of the 1st over - 0 runs, 1 hit, 0 errors, 1 left on base; Burlington 0 - Wisconsin Rapids 0 |
TOP OF THE 2ND |
Burlington Bees batting - Pitching for Wisconsin Rapids Timber Rattlers : LHP Michael Maack
|
Batting: LHB Frank Hardy
|
0-0: Ball 1-0: Ball 2-0: Fly out, F7 (Flyball, 7D, EV 95.6 MPH)
|
Batting: RHB Mike Morse
|
0-0: DOUBLE (Line Drive, 9LS, EV 90.0 MPH)
|
Batting: LHB Pat Castiglia
|
0-0: Ball 1-0: Ball 2-0: Ball 3-0: Foul Ball, location: 2F 3-1: Swinging Strike 3-2: Strikes out swinging
|
Batting: RHB Collin Tanabe
|
0-0: Called Strike 0-1: Ball 1-1: Fly out, F8 (Flyball, 8RS, EV 86.3 MPH)
|
Top of the 2nd over - 0 runs, 1 hit, 0 errors, 1 left on base; Burlington 0 - Wisconsin Rapids 0 |
BOTTOM OF THE 2ND |
Wisconsin Rapids Timber Rattlers batting - Pitching for Burlington Bees : RHP Ricky Avelar
|
Batting: LHB Matt Hall
|
0-0: Called Strike 0-1: Ball 1-1: Swinging Strike 1-2: Ball 2-2: Fly out, F7 (Flyball, 7S, EV 93.1 MPH)
|
Batting: RHB Darryl Motley
|
0-0: Called Strike 0-1: Swinging Strike 0-2: SOLO HOME RUN (Flyball, 9D, EV 98.1 MPH), Distance : 371 ft
|
Batting: RHB Al Pedrique
|
0-0: Called Strike 0-1: Ball 1-1: Ball 2-1: Ball 3-1: Called Strike 3-2: Foul Ball, location: 2F 3-2: Base on Balls
|
Batting: SHB Jose Uribe
|
0-0: Ball 1-0: Fly out, F9 (Line Drive, 9, EV 85.6 MPH)
|
Batting: RHB Phil Lombardi
|
0-0: Called Strike 0-1: Ball 1-1: Ball 2-1: SINGLE (Flyball, 89S, EV 96.9 MPH) Al Pedrique to second Runner from 2nd tries for 3rd, SAFE, throw by CF made to third
|
Batting: RHB Tim Pyznarski
|
0-0: Ball 1-0: Foul Ball, location: 2F 1-1: Called Strike 1-2: Ball 2-2: Foul Ball, location: 2F 2-2: SINGLE (Groundball, 6MD, EV 108.1 MPH) Al Pedrique scores Phil Lombardi to second Runner from 2nd tries for 3rd, SAFE, throw by CF made to third
|
Batting: RHB Jim Presley
|
0-0: Foul Ball, location: 2F 0-1: Ground out 6-3 (Groundball, 6M, EV 83.1 MPH)
|
Bottom of the 2nd over - 2 runs, 3 hits, 0 errors, 2 left on base; Burlington 0 - Wisconsin Rapids 2 |
TOP OF THE 3RD |
Burlington Bees batting - Pitching for Wisconsin Rapids Timber Rattlers : LHP Michael Maack
|
Batting: RHB Bob Hicks
|
0-0: Foul Ball, location: 2F 0-1: SINGLE (Groundball, 56D, EV 103.8 MPH)
|
Batting: RHB Mike Quade
|
0-0: Ball 1-0: Ball 2-0: Foul Ball, location: 2F 2-1: Swinging Strike 2-2: Ball 3-2: Strikes out swinging
|
Batting: LHB Brian Devalk
|
0-0: Ball 1-0: Called Strike 1-1: 2-RUN HOME RUN (Flyball, 9D, EV 99.4 MPH), Distance : 378 ft
|
Batting: LHB Herm Winningham
|
0-0: Called Strike 0-1: Fly out, F7 (Line Drive, 7D, EV 94.4 MPH)
|
Batting: RHB Bob Gergen
|
0-0: Ball 1-0: Ball 2-0: Ball 3-0: Base on Balls
|
Batting: LHB Frank Hardy
|
0-0: Fly out, F9 (Flyball, 9D, EV 108.1 MPH)
|
Top of the 3rd over - 2 runs, 2 hits, 0 errors, 1 left on base; Burlington 2 - Wisconsin Rapids 2 |
BOTTOM OF THE 3RD |
Wisconsin Rapids Timber Rattlers batting - Pitching for Burlington Bees : RHP Ricky Avelar
|
Batting: LHB Dion James
|
0-0: Ball 1-0: Called Strike 1-1: Ball 2-1: Ball 3-1: Base on Balls
|
Batting: LHB Greg Smith
|
0-0: Ball 1-0: Swinging Strike 1-1: Ball 2-1: Called Strike 2-2: Strikes out looking
|
Batting: LHB Matt Hall
|
0-0: Ball Dion James is caught stealing 2nd base 2-6 1-0: Ground out U3 (Groundball, 34S, EV 80.0 MPH)
|
Bottom of the 3rd over - 0 runs, 0 hits, 0 errors, 0 left on base; Burlington 2 - Wisconsin Rapids 2 |
TOP OF THE 4TH |
Burlington Bees batting - Pitching for Wisconsin Rapids Timber Rattlers : LHP Michael Maack
|
Batting: RHB Mike Morse
|
0-0: Ball 1-0: Ground out 4-3 (Groundball, 4, EV 88.1 MPH)
|
Batting: LHB Pat Castiglia
|
0-0: Swinging Strike 0-1: Called Strike 0-2: Ball 1-2: Foul Ball, location: 2F 1-2: Foul Ball, location: 2F 1-2: Strikes out swinging
|
Batting: RHB Collin Tanabe
|
0-0: Ball 1-0: Fly out, F9 (Line Drive, 9, EV 94.4 MPH)
|
Top of the 4th over - 0 runs, 0 hits, 0 errors, 0 left on base; Burlington 2 - Wisconsin Rapids 2 |
BOTTOM OF THE 4TH |
Wisconsin Rapids Timber Rattlers batting - Pitching for Burlington Bees : RHP Ricky Avelar
|
Batting: RHB Darryl Motley
|
0-0: Ball 1-0: Ball 2-0: Called Strike 2-1: Ball 3-1: Ground out 5-3 (Groundball, 5L, EV 109.4 MPH)
|
Batting: RHB Al Pedrique
|
0-0: Called Strike 0-1: Fly out, F9 (Flyball, 9, EV 91.3 MPH)
|
Batting: SHB Jose Uribe
|
0-0: Called Strike 0-1: Ball 1-1: Foul Ball, location: 2F 1-2: Foul Ball, location: 2F 1-2: SINGLE (Groundball, 6S, EV 65.0 MPH) (infield hit)
|
Batting: RHB Phil Lombardi
|
0-0: Ball Jose Uribe is caught stealing 2nd base 2-4
|
Bottom of the 4th over - 0 runs, 1 hit, 0 errors, 0 left on base; Burlington 2 - Wisconsin Rapids 2 |
TOP OF THE 5TH |
Burlington Bees batting - Pitching for Wisconsin Rapids Timber Rattlers : LHP Michael Maack
|
Batting: RHB Bob Hicks
|
0-0: Ground out 6-3 (Groundball, 6, EV 82.5 MPH)
|
Batting: RHB Mike Quade
|
0-0: Foul Ball, location: 2F 0-1: Ball 1-1: Ball 2-1: Swinging Strike 2-2: Ground out U3 (Groundball, 3, EV 82.5 MPH)
|
Batting: LHB Brian Devalk
|
0-0: Swinging Strike 0-1: Foul Ball, location: 2F 0-2: Strikes out looking
|
Top of the 5th over - 0 runs, 0 hits, 0 errors, 0 left on base; Burlington 2 - Wisconsin Rapids 2 |
BOTTOM OF THE 5TH |
Wisconsin Rapids Timber Rattlers batting - Pitching for Burlington Bees : RHP Ricky Avelar
|
Batting: RHB Phil Lombardi
|
0-0: Ball 1-0: Ball 2-0: Called Strike 2-1: Ground out 6-3 (Groundball, 6, EV 105.0 MPH)
|
Batting: RHB Tim Pyznarski
|
0-0: Foul Ball, location: 2F 0-1: Ball 1-1: SINGLE (Groundball, 3D, EV 100.6 MPH)
|
Batting: RHB Jim Presley
|
0-0: Ball 1-0: Called Strike 1-1: Ball 2-1: Foul Ball, location: 2F 2-2: Strikes out swinging
|
Batting: LHB Dion James
|
0-0: Ball 1-0: Called Strike 1-1: Swinging Strike 1-2: Foul Ball, location: 2F 1-2: Foul Ball, location: 2F 1-2: Foul Ball, location: 2F 1-2: Ball 2-2: Fly out, F8 (Flyball, 89M, EV 83.8 MPH)
|
Bottom of the 5th over - 0 runs, 1 hit, 0 errors, 1 left on base; Burlington 2 - Wisconsin Rapids 2 |
TOP OF THE 6TH |
Burlington Bees batting - Pitching for Wisconsin Rapids Timber Rattlers : LHP Michael Maack
|
Batting: LHB Herm Winningham
|
0-0: Ball 1-0: Called Strike 1-1: Ball 2-1: Foul Ball, location: 2F 2-2: Strikes out swinging
|
Batting: RHB Bob Gergen
|
0-0: Ball 1-0: Ball 2-0: Swinging Strike 2-1: Swinging Strike 2-2: Foul Ball, location: 2F 2-2: Ball 3-2: Base on Balls
|
Batting: LHB Frank Hardy
|
0-0: Ball 1-0: Called Strike 1-1: Called Strike 1-2: Ball 2-2: Foul Ball, location: 2F 2-2: Strikes out swinging
|
Batting: RHB Mike Morse
|
0-0: Ball 1-0: Foul Ball, location: 2F 1-1: Ball 2-1: Called Strike 2-2: Ground out 4-3 (Groundball, 4, EV 105.6 MPH)
|
Top of the 6th over - 0 runs, 0 hits, 0 errors, 1 left on base; Burlington 2 - Wisconsin Rapids 2 |
BOTTOM OF THE 6TH |
Wisconsin Rapids Timber Rattlers batting - Pitching for Burlington Bees : RHP Ricky Avelar
|
Batting: LHB Greg Smith
|
0-0: Ball 1-0: Fly out, F5 (Popup, 56, EV 68.8 MPH)
|
Batting: LHB Matt Hall
|
0-0: Called Strike 0-1: Ball 1-1: Ball 2-1: Swinging Strike 2-2: Ball 3-2: Fly out, F7 (Flyball, 7LD, EV 84.4 MPH)
|
Batting: RHB Darryl Motley
|
0-0: Called Strike 0-1: Foul Ball, location: 2F 0-2: Fly out, F6 (Line Drive, 6, EV 63.8 MPH)
|
Bottom of the 6th over - 0 runs, 0 hits, 0 errors, 0 left on base; Burlington 2 - Wisconsin Rapids 2 |
TOP OF THE 7TH |
Burlington Bees batting - Pitching for Wisconsin Rapids Timber Rattlers : LHP Michael Maack
|
Batting: LHB Pat Castiglia
|
0-0: Ball 1-0: Ground out 4-3 (Groundball, 34, EV 85.0 MPH)
|
Batting: RHB Collin Tanabe
|
0-0: Called Strike 0-1: Swinging Strike 0-2: Foul Ball, location: 2F 0-2: Foul Ball, location: 2F 0-2: Strikes out looking
|
Batting: RHB Bob Hicks
|
0-0: Called Strike 0-1: Ball 1-1: Ball 2-1: Ball 3-1: Base on Balls
|
Batting: RHB Mike Quade
|
0-0: Ball 1-0: Foul Ball, location: 2F 1-1: Foul Ball, location: 2F 1-2: Foul Ball, location: 2F 1-2: Foul Ball, location: 2F 1-2: Ball 2-2: Reached on error, E9 (Flyball, 89S, EV 82.5 MPH) Bob Hicks to third
|
Pitching: LHP Mercedes Esquer
|
|
Batting: LHB Brian Devalk
|
0-0: Called Strike 0-1: Foul Ball, location: 2F 0-2: Strikes out swinging
|
Top of the 7th over - 0 runs, 0 hits, 1 error, 2 left on base; Burlington 2 - Wisconsin Rapids 2 |
BOTTOM OF THE 7TH |
Wisconsin Rapids Timber Rattlers batting - Pitching for Burlington Bees : RHP Ricky Avelar
|
Batting: RHB Al Pedrique
|
0-0: Called Strike 0-1: Called Strike 0-2: Ball 1-2: SINGLE (Groundball, 56D, EV 95.0 MPH)
|
Batting: SHB Jose Uribe
|
0-0: Ball 1-0: Called Strike 1-1: Ball 2-1: Fly out, F7 (Flyball, 78D, EV 95.6 MPH)
|
Batting: RHB Phil Lombardi
|
0-0: Called Strike Al Pedrique steals 2nd base 0-1: Fly out, F7 (Flyball, 78S, EV 91.3 MPH)
|
Batting: RHB Tim Pyznarski
|
0-0: Ball 1-0: Swinging Strike 1-1: Swinging Strike 1-2: Ball 2-2: Ground out 6-3 (Groundball, 56, EV 109.4 MPH)
|
Bottom of the 7th over - 0 runs, 1 hit, 0 errors, 1 left on base; Burlington 2 - Wisconsin Rapids 2 |
TOP OF THE 8TH |
Burlington Bees batting - Pitching for Wisconsin Rapids Timber Rattlers : LHP Mercedes Esquer
|
Batting: LHB Herm Winningham
|
0-0: Called Strike 0-1: Swinging Strike 0-2: Foul Ball, location: 2F 0-2: Ball 1-2: Foul Ball, location: 2F 1-2: Strikes out swinging
|
Batting: RHB Bob Gergen
|
0-0: Called Strike 0-1: Ball 1-1: Fly out, F9 (Flyball, 89S, EV 92.5 MPH)
|
Batting: LHB Frank Hardy
|
0-0: Foul Ball, location: 2F 0-1: Ball 1-1: Foul Ball, location: 2F 1-2: Ball 2-2: Ball 3-2: Strikes out swinging
|
Top of the 8th over - 0 runs, 0 hits, 0 errors, 0 left on base; Burlington 2 - Wisconsin Rapids 2 |
BOTTOM OF THE 8TH |
Wisconsin Rapids Timber Rattlers batting - Pitching for Burlington Bees : RHP Ricky Avelar
|
Batting: RHB Jim Presley
|
0-0: Ball 1-0: Ground out 5-3 (Groundball, 56S, EV 90.6 MPH)
|
Batting: LHB Dion James
|
0-0: Ball 1-0: Foul Ball, location: 2F 1-1: Foul Ball, location: 2F 1-2: Ball 2-2: Fly out, F9 (Flyball, 89S, EV 86.9 MPH)
|
Batting: LHB Greg Smith
|
0-0: Called Strike 0-1: DOUBLE (Line Drive, 78M, EV 89.4 MPH)
|
Batting: LHB Matt Hall
|
0-0: DOUBLE (Line Drive, 78D, EV 109.4 MPH) Greg Smith scores
|
Batting: RHB Darryl Motley
|
0-0: Ball 1-0: Ball 2-0: Ball 3-0: Base on Balls
|
Batting: RHB Al Pedrique
|
0-0: Ball 1-0: SINGLE (Line Drive, 4M, EV 106.3 MPH) Matt Hall to third Darryl Motley to second Runner from 3rd tries for Home, SAFE, throw by CF to home
|
Batting: SHB Jose Uribe
|
0-0: SINGLE (Flyball, 8RS, EV 90.6 MPH) Darryl Motley to third Al Pedrique to second Runner from 3rd tries for Home, SAFE, throw by CF to home
|
Pitching: RHP Fernando Alba
|
|
Batting: RHB Phil Lombardi
|
0-0: SINGLE (Groundball, 5S, EV 75.6 MPH) (infield hit) Al Pedrique to third Jose Uribe to second
|
Batting: RHB Tim Pyznarski
|
0-0: Called Strike 0-1: Ball 1-1: TRIPLE (Flyball, 89XD, EV 95.6 MPH) Al Pedrique scores Jose Uribe scores Phil Lombardi scores
|
Batting: RHB Jim Presley
|
0-0: Fly out, F7 (Flyball, 7LS, EV 80.0 MPH)
|
Bottom of the 8th over - 6 runs, 6 hits, 0 errors, 1 left on base; Burlington 2 - Wisconsin Rapids 8 |
TOP OF THE 9TH |
Burlington Bees batting - Pitching for Wisconsin Rapids Timber Rattlers : LHP Mercedes Esquer
|
Batting: RHB Mike Morse
|
0-0: Ball 1-0: Called Strike 1-1: Ball 2-1: Ball 3-1: Base on Balls
|
Batting: LHB Pat Castiglia
|
0-0: Ball 1-0: Swinging Strike 1-1: Ball 2-1: Foul Ball, location: 2F 2-2: Fly out, F9 (Flyball, 89M, EV 87.5 MPH)
|
Batting: RHB Collin Tanabe
|
0-0: Fly out, F7 (Flyball, 78S, EV 87.5 MPH)
|
Batting: RHB Bob Hicks
|
0-0: Ball 1-0: Swinging Strike 1-1: Ball 2-1: Swinging Strike 2-2: Strikes out swinging
|
Top of the 9th over - 0 runs, 0 hits, 0 errors, 1 left on base; Burlington 2 - Wisconsin Rapids 8 |
|